 Dungeon Crawl Stone Soup version 0.26-a0-259-g1effd001a9 (webtiles) character file.

Game seed: 16840990407299234380

150 HoaS the Ruffian (level 5, -1/33 HPs)
             Began as a Gargoyle Gladiator on July 27, 2020.
             Killed from afar by an orc wizard (5 damage)
             ... with a puff of flame
             ... on level 3 of the Dungeon.
             The game lasted 00:04:53 (2179 turns).

HoaS the Ruffian (Gargoyle Gladiator)               Turns: 2179, Time: 00:04:53

Health: -1/33      AC: 12    Str: 18    XL:     5   Next: 32%
Magic:  5/5        EV: 10    Int:  9    God:
Gold:   67         SH:  0    Dex: 11    Spells: 4/4 levels left

rFire    . . .     SeeInvis .     - Unarmed
rCold    . . .     Faith    .   (no shield)
rNeg     + . .     Spirit   .   h - +0 scale mail
rPois    ∞         Reflect  .   b - +0 helmet
rElec    +         Harm     .   (no cloak)
rCorr    .                      j - +0 pair of gloves
MR       .....                  (no boots)
Stlth    ..........             (no amulet)
HPRegen  0.11/turn              (no ring)
MPRegen  0.09/turn              (no ring)

@: no status effects
A: negative energy resistance 1, electricity resistance, unbreathing,
petrification resistance, rot immunity, AC +4
a: no special abilities


You were on level 3 of the Dungeon.
You were not hungry.

You visited 1 branch of the dungeon, and saw 3 of its levels.

You collected 67 gold pieces.

Inventory:

Missiles
 c - 3 throwing nets (quivered)
 n - 5 javelins
Armour
 b - a +0 helmet (worn)
 h - a +0 scale mail (worn)
 j - a +0 pair of gloves (worn)
Jewellery
 l - an uncursed ring of ice
Wands
 m - a wand of paralysis (4)
Scrolls
 e - 3 scrolls of teleportation
 f - a scroll of fog
 i - a scroll of identify
Potions
 a - 2 potions of haste
 g - a potion of ambrosia {unknown}
 p - 3 potions of heal wounds {unknown}
Comestibles
 d - 17 rations


   Skills:
 + Level 3.7 Fighting
 - Level 1.7 Throwing
 - Level 2.4 Dodging
 * Level 5.1 Unarmed Combat


You had 4 spell levels left.
You didn't know any spells.
Your spell library was empty.

Dungeon Overview and Level Annotations

Branches:
Dungeon (3/15)

Altars:
Vehumet


Innate Abilities, Weirdness & Mutations

You are resistant to torment.
Your stone body is resilient. (AC +4)
You are immune to poison.
You resist negative energy. (rN+)
You are resistant to electric shocks. (rElec)
You can survive without breathing.
You are immune to petrification.
You are immune to rotting.


Message History

The weapon returns to the orc!
You hit something but do no damage.
Something hits you but does no damage. x2
You miss something.
You hear some strange, mumbled words.
A puff of frost appears from out of thin air!
The puff of frost hits you!
The orc throws a boomerang.
The boomerang hits you but does no damage.
The weapon returns to the orc!
You miss something.
You hear some strange, mumbled words.
A puff of flame appears from out of thin air!
The puff of flame hits you!
* * * LOW HITPOINT WARNING * * *
The orc throws a boomerang.
The boomerang barely misses you. Something hits you but does no damage.
You miss something.
You hear some strange, mumbled words.
A puff of flame appears from out of thin air!
The puff of flame hits you.
You die...

###############
#.<...@{oo..).#
#.###########.#
... #.# .....
#..........
#.####
#...####### #
#..o# #...#
#..o# #o...


You could see 2 orcs.

Vanquished Creatures
  3 gnolls (D:2)
  6 adders (D:2)
  An ooze (D:2)
  5 dart slugs
  A leopard gecko (D:1)
  4 orcs
  A ball python (D:2)
  5 bats
  2 giant cockroaches (D:2)
  3 goblins
  4 hobgoblins
  2 quokkas (D:2)
  A ball python skeleton (D:2)
  6 frilled lizards
  5 kobolds
  7 rats
56 creatures vanquished.

Notes
Turn   | Place    | Note
-------+----------+-------------------------------------------
     0 | D:1      | HoaS the Gargoyle Gladiator began the quest for the Orb.
     0 | D:1      | Reached XP level 1. HP: 12/12 MP: 1/1
    78 | D:1      | Reached XP level 2. HP: 10/18 MP: 2/2
   969 | D:2      | Reached XP level 3. HP: 19/22 MP: 3/3
  1044 | D:2      | Reached skill level 4 in Unarmed Combat
  1263 | D:2      | Reached XP level 4. HP: 26/28 MP: 4/4
  1590 | D:2      | Found a radiant altar of Vehumet.
  1679 | D:2      | Reached XP level 5. HP: 32/32 MP: 5/5
  1776 | D:2      | Reached skill level 5 in Unarmed Combat
  2179 | D:3      | Killed from afar by an orc wizard

Illustrated notes

Levels and vault maps discovered:
D:1:      elethiomel_arrival_infinity_welcomes_careful_drivers,
          layout_loops_cross
D:2:      layout_loops_corners, vehumet_crystals, guppyfry_early_orc_mine
D:3:      layout_loops_ring, lemuel_crystal_altar, lemuel_blue_sif_altar

Skill      XL: |  1  2  3  4  5 |
---------------+----------------+-----
Unarmed Combat | 4 5 |  5.1
Fighting       | 3 |  3.7
Throwing       | |  1.7
Dodging        | |  2.4

Action                   |  1- 3 |  4- 6 || total
-------------------------+-------+-------++-------
Melee: Unarmed           |   125 |   118 ||   243
       Punch             |     4 |     3 ||     7
  Use: Scroll            |     7 |     1 ||     8
  Eat: Ration            |     1 |       ||     1
Armor: Leather armour    |    15 |       ||    15
       Ring mail         |    40 |    37 ||    77
       Scale mail        |       |    14 ||    14
Dodge: Dodged            |    83 |    49 ||   132

Table legend:
 A = Non-vault XP
 B = Vault XP
 C = Vault XP percentage of total XP
 D = Non-vault monster count
 E = Vault monster count
 F = Vault count percentage of total count
                 A         B        C        D         E       F
            +---------+---------+-------+---------+---------+-------
      Total |     198 |      17 |   7.9 |      49 |       7 |  12.5
            +---------+---------+-------+---------+---------+-------
        D:1 |      27 |       0 |   0.0 |      16 |       0 |   0.0
        D:2 |     168 |      17 |   9.2 |      32 |       7 |  17.9
        D:3 |       3 |       0 |   0.0 |       1 |       0 |   0.0
            +---------+---------+-------+---------+---------+-------
